 Dungeon Crawl Stone Soup version 0.22.1-2-g9c5b331 (webtiles) character file.

20 Oakoak the Conjurer (level 2, -1/20 HPs)
             Began as a Draconian Conjurer on Dec 4, 2018.
             Slain by a kobold
             ... wielding a +0 short sword of speed
              (2 damage)
             ... on level 1 of the Dungeon.
             The game lasted 00:06:37 (1145 turns).

Oakoak the Conjurer (Draconian Conjurer)            Turns: 1145, Time: 00:06:38

Health: -1/20      AC:  4    Str: 10    XL:     2   Next: 58%
Magic:  4/5        EV: 12    Int: 15    God:
Gold:   48         SH:  0    Dex: 11    Spells: 2/5 levels left

rFire    . . .     SeeInvis .   c - +0 club
rCold    . . .     Gourm    .   (no shield)
rNeg     . . .     Faith    .   (armour unavailable)
rPois    .         Spirit   .   (helmet restricted)
rElec    .         Reflect  .   (no cloak)
rCorr    .         Harm     .   (no gloves)
MR       .....                  (no boots)
Stlth    ++........             (no amulet)
HPRegen  0.06/turn              (no ring)
MPRegen  0.09/turn              (no ring)

@: no status effects
A: unfitting armour, cold-blooded, AC +4
a: no special abilities


You were on level 1 of the Dungeon.
You were not hungry.

You visited 1 branch of the dungeon, and saw 1 of its levels.

You collected 48 gold pieces.

Inventory:

Hand Weapons
 c - a +0 club (weapon)
 f - a +0 short sword
Scrolls
 a - 2 scrolls of identify {unknown}
 d - a scroll of blinking {unknown}
 e - a scroll of amnesia {unknown}
 h - a scroll of remove curse {unknown}
Potions
 g - 2 potions of heal wounds {unknown}
 j - a potion of ambrosia {unknown}
Comestibles
 b - 4 rations
 i - 7 chunks of flesh


   Skills:
 + Level 0.1 Maces & Flails
 + Level 2.0 Dodging
 + Level 1.9 Stealth
 + Level 2.1 Spellcasting
 + Level 4.5 Conjurations


You had 2 spell levels left.
You knew the following spells:

 Your Spells              Type           Power        Failure   Level  Hunger
a - Magic Dart            Conj           ###.         3%          1    #......
b - Searing Ray           Conj           ###...       5%          2    ###....

Your spell library contained the following spells:

 Spells                   Type           Power        Failure   Level  Hunger
 Dazzling Spray           Conj/Hex       #.....       26%         3    ###....
 Iskenderun's Mystic Bla  Conj           ###.....     34%         4    #####..
 Force Lance              Conj/Tloc      #.......     65%         4    #####..
 Fulminant Prism          Conj/Hex       #.........   65%         4    #####..


Dungeon Overview and Level Annotations

Branches:
Dungeon (1/15)

Altars:


Innate Abilities, Weirdness & Mutations

Your plain brown scales are hard. (AC +4)
You cannot fit into any form of body armour.
You are cold-blooded and may be slowed by cold attacks.


Message History

The kobold closely misses you. The kobold misses you.
The kobold barely misses you. The kobold hits you but does no damage.
The kobold hits you with a short sword of speed.
The kobold barely misses you. The kobold completely misses you.
The kobold misses you. The kobold closely misses you.
The kobold closely misses you. The kobold hits you but does no damage.
The kobold hits you with a short sword of speed.
The kobold barely misses you.
The kobold hits you with a short sword of speed.
* * * LOW HITPOINT WARNING * * *
The kobold closely misses you.
The kobold hits you with a short sword of speed.
* * * LOW HITPOINT WARNING * * *
The kobold hits you with a short sword of speed.
* * * LOW HITPOINT WARNING * * *
The kobold hits you with a short sword of speed.
You die...

# #( ###
.. ..# #
#.##.##.#
#...g...#
#.#
#.#####
#.K@..#
#####.#
#.# #.#
###.#
#...#
#.### #.#
..# #.#


You could see a kobold.

Vanquished Creatures
  A dart slug (D:1)
  3 hobgoblins (D:1)
  2 kobolds (D:1)
  2 bats (D:1)
  A frilled lizard (D:1)
  5 goblins (D:1)
  4 rats (D:1)
18 creatures vanquished.

Notes
Turn   | Place    | Note
-------+----------+-------------------------------------------
     0 | D:1      | Oakoak the Draconian Conjurer began the quest for the Orb.
     0 | D:1      | Reached XP level 1. HP: 14/14 MP: 3/3
   242 | D:1      | Reached XP level 2. HP: 8/20 MP: 5/5
   253 | D:1      | Learned a level 2 spell: Searing Ray
  1145 | D:1      | HP: 1/20 [kobold/short sword of speed (1)]
  1145 | D:1      | Slain by a kobold

Skill      XL: |  1  2 |
---------------+-------+-----
Dodging        | 2 |  2.0
Maces & Flails | |  0.1
Stealth        | |  1.9
Spellcasting   | |  2.1
Conjurations   | |  4.5

Action                   || total
-------------------------++-------
Melee: Club              ||    28
       Unarmed           ||    20
       Tailslap          ||     5
 Cast: Magic Dart        ||    21
 Stab: Sleeping          ||     1
  Eat: Chunk             ||     1
Armor: Skin              ||    25
Dodge: Dodged            ||    71
